 Dungeon Crawl Stone Soup version 0.31-a0-175-g9f7f995f2b (webtiles) character file.

Game seed: 10363679854756701837

2168 qw the Skirmisher (level 9, -7/59 HPs)
             Began as a Gargoyle Hunter on June 17, 2023.
             Was a Follower of Okawaru.
             Killed from afar by an oklob plant (28 damage)
             ... with a splash of acid
             ... on level 6 of the Dungeon.
             The game lasted 00:02:54 (5422 turns).

qw the Skirmisher (Gargoyle Hunter)                 Turns: 5422, Time: 00:02:54

Health: -7/59      AC: 16    Str: 15    XL:     9   Next: 32%
Magic:  8/11       EV: 14    Int: 10    God:    Okawaru [*.....]
Gold:   222        SH:  0    Dex: 17    Spells: 8/8 levels left

rFire   . . .        Y - +1 orcbow (drain)
rCold   . . .        (shield currently unavailable)
rNeg    + . .        n - +0 ring mail
rPois   inf          (no helmet)
rElec   +            m - -1 cloak of Fresh Fun {+Inv Will+}
rCorr   .            h - +0 pair of gloves
SInv    .            k - +0 pair of boots
Will    +....        (no amulet)
Stlth   +++          (no ring)
HPRegen 0.29/turn    (no ring)
MPRegen 0.12/turn

%: no passive effects
@: heroic
A: sickness immunity, AC +6, negative energy resistance 1, electricity
resistance, torment resistance 1, petrification resistance
a: Renounce Religion, Evoke Invisibility, Heroism


You were on level 6 of the Dungeon.
You worshipped Okawaru.
Okawaru was aware of your devotion.
You visited 2 branches of the dungeon, and saw 7 of its levels.

You collected 222 gold pieces.


Innate Abilities, Weirdness & Mutations

You are immune to sickness and miasma.
Your stone body is resilient. (AC +6)
You are immune to poison.
You resist negative energy. (rN+)
You are resistant to electric shocks. (rElec)
You are resistant to unholy torment.
You are immune to petrification.


   Skills:
 - Level 8.0(13.0) Fighting
 + Level 9.6(14.6) Ranged Weapons
 - Level 3.1(8.1) Armour
 - Level 2.0(7.0) Dodging
 - Level 1.1(6.1) Stealth
 + Level 2.6 Invocations


You had 8 spell levels left.
You didn't know any spells.
Your spell library was empty.

Inventory:

Hand Weapons
 p - a +0 orcbow
 Y - a +1 orcbow of draining (weapon)
Armour
 c - a +2 robe of cold resistance
 h - a +0 pair of gloves (worn)
 k - a +0 pair of boots (worn)
 m - the -1 cloak of Fresh Fun (worn) {+Inv Will+}
   (You acquired it on level 3 of the Dungeon)

   +Inv:      It lets you turn invisible.
   Will:      It increases your willpower.
 n - a +0 ring mail (worn)
Jewellery
 b - a ring of ice
Scrolls
 a - a scroll of identify
 j - a scroll of teleportation
Potions
 d - 2 potions of lignification
 e - a potion of attraction
 f - 3 potions of heal wounds
 g - a potion of resistance
 i - 5 potions of curing
 l - a potion of haste {unknown}
 o - 2 potions of brilliance {unknown}
 q - a potion of mutation {unknown}

Dungeon Overview and Level Annotations

Branches:
Dungeon (6/15)             Temple (1/1) D:5

Altars:
Cheibriados
Elyvilon
Fedhas
Gozag
Hepliaklqana
Makhleb
Nemelex Xobeh
Okawaru
Qazlal
Ru
Sif Muna
Trog
Uskayaw
Wu Jian
Xom
Yredelemnul
The Shining One

Shops:
D:2 (

Annotations:
D:6 2 runed translucent doors, exclusion: oklob plant, Edmund; qw's ghost, novice NaHu


Message History

You kill the jelly!
Okawaru accepts your kill.
You shoot an arrow. The arrow hits the endoplasm!
You kill the endoplasm!
You shoot an arrow. The arrow hits the endoplasm!
You kill the endoplasm!
You shoot an arrow. The arrow hits the jelly!
You drain the jelly.
You kill the jelly!
Okawaru accepts your kill.
You feel like a meek peon again.
5415 ||| INVOKING Heroism.
You gain the combat prowess of a mighty hero.
You shoot an arrow.
The arrow hits the oklob plant but does no damage.
You shoot an arrow. The arrow hits the oklob plant!
You drain the oklob plant.
The oklob plant is moderately damaged.
You shoot an arrow. The arrow hits the oklob plant!
The oklob plant is heavily damaged.
The oklob plant spits acid at you. The splash of acid misses you.
You shoot an arrow. The arrow hits the oklob plant!
The oklob plant is severely damaged.
You shoot an arrow.
The arrow hits the oklob plant but does no damage.
You drain the oklob plant.
The oklob plant is severely damaged.
The oklob plant spits acid at you. The splash of acid hits you!!
You shoot an arrow. The arrow hits the oklob plant.
You drain the oklob plant.
The oklob plant is almost destroyed.
The oklob plant spits acid at you. The splash of acid hits you!!
Enter note:
Enter note:
Enter note:
Enter note:
5422 ||| UPGRADING to +2 robe of cold resistance.
The oklob plant spits acid at you.
You stop removing your armour.
The splash of acid hits you!!
You die...

####### ##...##
#.....# #....P#
#.....### #..P..#
#.....'.. .....
#####.....##.
#...#
#.....#.####. ...
#.###.#.# #. #'#
#.#.#.#.# #.
#@####.#.#%#.####.
#....#.#.#>.......
####.%.#./.#.#####
###.#.#...#####
#.#.#.#......
#.#.#.#......
#.#.#.#####..
######.#.#.# #..
#........#.# ###


You could see an oklob plant (drained).

Vanquished Creatures
  Pikel (D:6)
  Prince Ribbit (D:5)
  Eustachio (D:6)
  A sky beast (D:6)
  2 ice beasts
  2 black bears (D:4)
  A centaur (D:6)
  A lemure (D:6)
  A howler monkey (D:5)
  4 hounds
  8 jellies
  A sleepcap (D:5)
  2 iguanas
  Ijyb (D:5)
  2 orc wizards (D:4)
  4 gnolls
  11 adders
  2 worms
  2 dart slugs (D:2)
  4 orcs
  6 ball pythons
  8 bats
  21 endoplasms
  8 giant cockroaches
  6 goblins
  10 hobgoblins
  12 jackals
  12 kobolds
  6 quokkas
  6 frilled lizards
  10 rats
157 creatures vanquished.

Notes
Turn   | Place    | Note
-------+----------+-------------------------------------------
     0 | D:1      | qw the Gargoyle Hunter began the quest for the Orb.
     0 | D:1      | Reached XP level 1. HP: 12/12 MP: 1/1
     0 | D:1      | 0 ||| qw: Version: 0.3-a-2-g5ab2908
     0 | D:1      | 0 ||| qw: Game counter: 186
     0 | D:1      | 0 ||| qw: Always use a shield: true
     0 | D:1      | 0 ||| qw: God list: Okawaru
     0 | D:1      | 0 ||| qw: Allow faded altars: false
     0 | D:1      | 0 ||| qw: Do Orc after D:15 true
     0 | D:1      | 0 ||| qw: Do second Lair branch before Depths: true
     0 | D:1      | 0 ||| qw: Lair rune preference: random
     0 | D:1      | 0 ||| qw: Plans: Normal, Zot:1-4, Slime:5, God:TSO, Crypt,
                  | Tomb, Abyss, Pan, Hells, Win
     0 | D:1      | 0 ||| PLANNING D:1-11
   151 | D:1      | Reached XP level 2. HP: 17/17 MP: 2/2
   305 | D:1      | Reached XP level 3. HP: 21/21 MP: 3/3
   338 | D:1      | Reached skill level 5 in Ranged Weapons
   716 | D:1      | 716 ||| UPGRADING to +0 pair of gloves.
   721 | D:1      | 721 ||| UPGRADING to +0 pair of boots.
   726 | D:1      | 726 ||| READING scroll labelled ZEAP CIALUUST.
   727 | D:1      | 727 ||| READING 2 scrolls labelled COZOT MAGUDIO.
   732 | D:1      | 732 ||| DRINKING 2 yellow potions.
   733 | D:1      | 733 ||| DROPPING scroll of butterflies.
   944 | D:2      | Reached skill level 3 in Fighting
   954 | D:2      | Reached skill level 1 in Armour
   954 | D:2      | Reached XP level 4. HP: 24/28 MP: 4/4
  1159 | D:2      | Found Revaorey's Weapon Boutique.
  1174 | D:2      | Found a faded altar of an unknown god.
  1316 | D:2      | 1316 ||| READING 4 scrolls labelled ITHROH OMASASA.
  1317 | D:2      | 1317 ||| DRINKING 3 fizzy inky potions.
  1356 | D:2      | 1356 ||| DRINKING 2 viscous silvery potions.
  1357 | D:2      | 1357 ||| READING 3 scrolls of identify.
  1357 | D:2      | 1357 ||| IDENTIFYING murky grey potion
  1358 | D:2      | 1358 ||| READING 2 scrolls of identify.
  1358 | D:2      | 1358 ||| IDENTIFYING smoky black potion
  1359 | D:2      | 1359 ||| DROPPING potion of invisibility.
  1360 | D:2      | 1360 ||| DROPPING potion of degeneration.
  1465 | D:3      | Reached XP level 5. HP: 28/32 MP: 5/5
  1561 | D:3      | Found a snail-covered altar of Cheibriados.
  1562 | D:3      | Found a bloodstained altar of Trog.
  1730 | D:3      | Reached skill level 6 in Ranged Weapons
  2210 | D:3      | 2210 ||| READING scroll labelled NENYTZ NIRROR.
  2210 | D:3      | Identified a scroll of acquirement
  2210 | D:3      | 2210 ||| ACQUIRING -1 cloak of Fresh Fun {+Inv Will+}
  2210 | D:3      | Acquired the -1 cloak of Fresh Fun {+Inv Will+}
  2212 | D:3      | 2212 ||| UPGRADING to -1 cloak of Fresh Fun {+Inv Will+}.
  2217 | D:3      | 2217 ||| READING 2 scrolls of identify.
  2217 | D:3      | 2217 ||| IDENTIFYING bubbling pink potion
  2346 | D:4      | Identified the +7 war axe of the Poles {venom, +Blink rPois
                  | rF-}
  2411 | D:4      | Reached XP level 6. HP: 34/38 MP: 6/6
  2473 | D:4      | Noticed a black bear
  2475 | D:4      | 2475 ||| Stepping ~*~*~tactically~*~*~ (outnumbered).
  2487 | D:4      | HP: 9/38 [black bear (5)]
  2488 | D:4      | 2488 ||| READING 4 scrolls of teleportation.
  2489 | D:4      | 2489 ||| DRINKING 2 potions of heal wounds.
  2530 | D:4      | 2530 ||| SWAPPING to +1 orcbow of freezing.
  2531 | D:4      | 2531 ||| DROPPING +0 shortbow.
  2538 | D:4      | Killed a black bear
  2539 | D:4      | Reached skill level 7 in Ranged Weapons
  2567 | D:4      | Identified the +5 whip of Arbitration {freeze, rPois Will++
                  | Str-5 Int+3}
  2810 | D:4      | Reached XP level 7. HP: 43/43 MP: 7/7
  2967 | D:4      | Found a blossoming altar of Fedhas.
  2967 | D:4      | Found a sparkling altar of Nemelex Xobeh.
  2967 | D:4      | Found a hazy altar of Hepliaklqana.
  3097 | D:4      | 3097 ||| UPGRADING to +0 ring mail.
  3107 | D:4      | 3107 ||| DROPPING +0 leather armour.
  3108 | D:4      | 3108 ||| READING scroll labelled QITHAI MEDGH.
  3109 | D:4      | 3109 ||| READING scroll labelled KEENOPPENLA.
  3110 | D:4      | 3110 ||| READING scroll labelled VANYLADD VIYXT.
  3194 | D:5      | Entered Level 5 of the Dungeon
  3195 | D:5      | 3195 ||| PLANNING SEWER
  3290 | D:5      | HP: 6/43 [ice beast (6)]
  3291 | D:5      | 3291 ||| READING 3 scrolls of teleportation.
  3292 | D:5      | 3292 ||| DRINKING 2 potions of heal wounds.
  3293 | D:5      | Found a staircase to the Ecumenical Temple.
  3465 | D:5      | Noticed Ijyb
  3469 | D:5      | Killed Ijyb
  3475 | D:5      | Reached skill level 3 in Armour
  3560 | D:5      | Found a hide-covered altar of Uskayaw.
  3664 | D:5      | Noticed Prince Ribbit
  3673 | D:5      | Killed Prince Ribbit
  3674 | D:5      | Reached skill level 8 in Ranged Weapons
  3787 | D:5      | 3787 ||| RIP SEWER
  3813 | D:5      | 3813 ||| PLANNING TEMPLE
  3834 | D:5      | Reached XP level 8. HP: 48/48 MP: 8/8
  3868 | D:5      | 3868 ||| READING scroll labelled UDEIR QOEGOMOS.
  3869 | D:5      | 3869 ||| READING 2 scrolls of identify.
  3869 | D:5      | 3869 ||| IDENTIFYING murky red potion
  3877 | Temple   | Entered the Ecumenical Temple
  3890 | Temple   | 3890 ||| PLANNING OKAWARU WORSHIP
  4056 | Temple   | Became a worshipper of Warmaster Okawaru
  4057 | Temple   | 4057 ||| PLANNING D:1-11
  4200 | D:5      | 4200 ||| Stepping ~*~*~tactically~*~*~ (water).
  4213 | D:5      | 4213 ||| Stepping ~*~*~tactically~*~*~ (water).
  4776 | D:5      | 4776 ||| STAIRDANCE
  5072 | D:6      | Noticed Eustachio
  5074 | D:6      | 5074 ||| DROPPING +0 sling.
  5098 | D:6      | Killed Eustachio
  5099 | D:6      | Reached skill level 9 in Ranged Weapons
  5119 | D:6      | 5119 ||| READING scroll of brand weapon.
  5119 | D:6      | 5119 ||| BRANDING +1 orcbow of chaos.
  5126 | D:6      | Noticed Edmund
  5135 | D:6      | 5135 ||| FLEEEEING.
  5136 | D:6      | 5136 ||| FLEEEEING.
  5137 | D:6      | 5137 ||| FLEEEEING.
  5139 | D:6      | 5139 ||| FLEEEEING.
  5140 | D:6      | 5140 ||| FLEEEEING.
  5142 | D:6      | 5142 ||| FLEEEEING.
  5143 | D:6      | 5143 ||| FLEEEEING.
  5144 | D:6      | 5144 ||| FLEEEEING.
  5145 | D:6      | 5145 ||| FLEEEEING.
  5146 | D:6      | 5146 ||| FLEEEEING.
  5147 | D:6      | 5147 ||| FLEEEEING.
  5163 | D:6      | HP: 9/49 [Edmund/+2 dire flail of protection (7)]
  5164 | D:6      | 5164 ||| READING 2 scrolls of teleportation.
  5164 | D:6      | HP: 3/49 [Edmund/+2 dire flail of protection (4)]
  5165 | D:6      | 5165 ||| DRINKING 3 potions of heal wounds.
  5260 | D:6      | Noticed Pikel
  5275 | D:6      | Killed Pikel
  5275 | D:6      | Reached * piety under Okawaru
  5276 | D:6      | Reached XP level 9. HP: 59/59 MP: 9/9
  5305 | D:6      | Reached skill level 1 in Invocations
  5315 | D:6      | Found a large runed translucent door.
  5315 | D:6      | Found a large runed translucent door.
  5320 | D:6      | Noticed qw's ghost (novice NaHu)
  5383 | D:6      | Noticed an oklob plant
  5384 | D:6      | 5384 ||| INVOKING Heroism.
  5402 | D:6      | 5402 ||| INVOKING Heroism.
  5415 | D:6      | 5415 ||| INVOKING Heroism.
  5422 | D:6      | 5422 ||| UPGRADING to +2 robe of cold resistance.
  5422 | D:6      | Killed from afar by an oklob plant

Levels and vault maps discovered:
D:1:      wander_arrival_abandoned_jail, layout_basic, minmay_tripent
D:2:      layout_basic, hellmonk_ecumenical_altar_pennies_from_heaven,
          serial_shops, nicolae_shop_bloodbath_and_beyond,
          minmay_fractal_squares_5
D:3:      layout_basic, mainiacjoe_overflow_divided_tiny, serial_rivers,
          chequers_serial_rivers_small_a, chequers_serial_rivers_room_a,
          chequers_serial_rivers_small_a, chequers_serial_rivers_micro_d,
          minmay_surrounded
D:4:      layout_basic, gammafunk_temple_overflow_claw
D:5:      layout_basic, mainiacjoe_overflow_24_doors, temple_doors_e,
          gup_sewer_entry_pipe, nicolae_fountain_basement, uniq_prince_ribbit1,
          uniq_ijyb
D:6:      lemuel_slime, layout_basic, ebering_ghost_disaster_area,
          uniq_eustachio, uniq_edmund, uniq_pikel
Temple:   bh_familiar_temple

Skill      XL: |  1  2  3  4  5  6  7  8  9 |
---------------+----------------------------+-----
Ranged Weapons | 5 6 7 8 9 |  9.6
Fighting       | 3 4 8 |  8.0
Armour         | 1 3 |  3.1
Dodging        | 2 |  2.0
Invocations    | 2 |  2.6
Stealth        | |  1.1

Action                     |  1- 3 |  4- 6 |  7- 9 || total
---------------------------+-------+-------+-------++-------
   Fire: Shortbow          |   112 |   203 |       ||   315
         Orcbow            |       |    20 |   242 ||   262
 Invoke: Heroism           |       |       |     3 ||     3
    Use: Scroll            |     2 |     6 |     8 ||    16
         Potion            |     1 |     3 |     2 ||     6
 Armour: Leather armour    |    20 |    87 |       ||   107
         Ring mail         |       |       |   107 ||   107
  Dodge: Dodged            |    41 |    95 |   105 ||   241

Table legend:
 A = Non-vault XP
 B = Vault XP
 C = Vault XP percentage of total XP
 D = Non-vault monster count
 E = Vault monster count
 F = Vault count percentage of total count
                 A         B        C        D         E       F
            +---------+---------+-------+---------+---------+-------
      Total |    1414 |    1684 |  54.4 |     111 |      45 |  28.8
            +---------+---------+-------+---------+---------+-------
        D:1 |      52 |       4 |   7.1 |      32 |       2 |   5.9
        D:2 |      34 |      61 |  64.2 |      13 |       8 |  38.1
        D:3 |      70 |      18 |  20.5 |      23 |       3 |  11.5
        D:4 |     515 |      42 |   7.5 |      31 |       1 |   3.1
        D:5 |     286 |     378 |  56.9 |       7 |      11 |  61.1
        D:6 |     457 |    1181 |  72.1 |       5 |      20 |  80.0
            +---------+---------+-------+---------+---------+-------
